 Dungeon Crawl Stone Soup version 0.25-a0-265-g7af84ae0ac (webtiles) character file.

Game seed: 3175629956813702491, levelgen mode: deterministic

177346 MrRokkomies the Spry (level 17, -12/137 HPs)
             Began as a Vampire Enchanter on Dec 6, 2019.
             Was the Champion of Kikubaaqudgha.
             Shot with an arrow by a naga sharpshooter (19 damage)
             ... led by Vashnia
             ... on level 3 of the Snake Pit on Dec 8, 2019.
             The game lasted 02:35:22 (27719 turns).

MrRokkomies the Spry (Vampire Enchanter)           Turns: 27719, Time: 02:35:23

Health: -12/137    AC: 15    Str: 13    XL:     17   Next: 54%
Magic:  25/30      EV: 29    Int: 21    God:    Kikubaaqudgha [******]
Gold:   1523       SH:  0    Dex: 19    Spells: 4/35 levels left

rFire    + . .     SeeInvis +   a - +8 quick blade (pain)
rCold    + . .     Gourm    .   (no shield)
rNeg     . . .     Faith    .   Y - +2 robe {rC+ rF+}
rPois    +         Spirit   .   P - +1 helmet "Tinossae" {Dex+4}
rElec    .         Reflect  .   n - +2 cloak {MR+}
rCorr    .         Harm     .   E - +2 pair of gloves {Str+3}
MR       ++...                  e - +2 pair of boots {run}
Stlth    +++++.....             C - amulet of regeneration
HPRegen  0.92/turn              A - ring of poison resistance
MPRegen  0.22/turn              J - +4 ring of evasion

@: about to teleport, regenerating quickly, quick
A: no food, fangs 3, see invisible, unbreathing
a: Exsanguinate, Receive Corpses, Torment, Renounce Religion


You were on level 3 of the Snake Pit.
You worshipped Kikubaaqudgha.
Kikubaaqudgha was exalted by your worship.
You were alive.

You visited 4 branches of the dungeon, and saw 25 of its levels.
You also visited: Bailey and Ice Cave.

You collected 2565 gold pieces.
You spent 1042 gold pieces at shops.

Inventory:

Hand Weapons
 a - a +8 quick blade of pain (weapon)
 b - a +0 shortbow of velocity
 v - a +2 short sword of electrocution
Missiles
 d - 26 poisoned darts (quivered)
 m - 534 arrows
 q - 6 curare-tipped darts
Armour
 e - a +2 pair of boots of running (worn)
 n - a +2 cloak of magic resistance (worn)
 E - a +2 pair of gloves of strength (worn)
 P - the +1 helmet "Tinossae" (worn) {Dex+4}
   (You found it on level 5 of the Lair of Beasts)

   It affects your dexterity (+4).
 V - a scarf of cloud immunity
 Y - a +2 robe of resistance (worn)
Magical Staves
 S - an uncursed staff of wizardry
Jewellery
 A - a ring of poison resistance (left hand)
 C - an amulet of regeneration (around neck)
 D - an uncursed ring of wizardry
 J - a +4 ring of evasion (right hand)
 L - a +3 ring of intelligence
 M - an uncursed ring of protection from magic
 O - an uncursed ring of ice
 Q - an uncursed ring of resist corrosion
Wands
 f - a wand of disintegration (37)
 p - a wand of enslavement (7)
 r - a wand of digging (4)
 s - a wand of polymorph (34)
 x - a wand of random effects (17)
 y - a wand of paralysis (11)
 B - a wand of flame (17)
 I - a wand of iceblast (41)
Scrolls
 g - 3 scrolls of enchant armour
 i - 3 scrolls of amnesia
 o - 6 scrolls of teleportation
 u - 11 scrolls of remove curse
 z - 3 scrolls of immolation
 G - 5 scrolls of identify
 H - a scroll of magic mapping
 U - a scroll of fog
Potions
 c - 8 potions of curing
 h - 3 potions of magic
 k - 5 potions of mutation
 l - 3 potions of lignification
 t - 3 potions of brilliance
 w - 6 potions of flight
 F - 2 potions of berserk rage
 K - a potion of cancellation
 R - 4 potions of might
 W - 3 potions of ambrosia
 X - 2 potions of agility
Miscellaneous
 j - a lamp of fire (inert)
 T - a fan of gales


   Skills:
 * Level 13.5 Fighting
 - Level 10.0 Short Blades
 - Level 15.0 Dodging
 - Level 10.0 Stealth
 + Level 9.9 Spellcasting
 - Level 4.0 Conjurations
 - Level 12.0 Hexes
 * Level 12.5 Necromancy
 - Level 3.4 Translocations
 - Level 4.0 Fire Magic
 - Level 7.2 Earth Magic
 + Level 5.7 Evocations


You had 4 spell levels left.
You knew the following spells:

 Your Spells              Type           Power        Failure   Level  Hunger
a - Ensorcelled Hibernat  Hex/Ice        #####.       1%          2    N/A
b - Confuse               Hex            ######..     1%          3    N/A
c - Tukima's Dance        Hex            ######..     1%          3    N/A
d - Dazzling Flash        Conj/Hex       #####.       1%          3    N/A
e - Cause Fear            Hex            ######....   1%          4    N/A
f - Inner Flame           Hex/Fire       #####...     1%          3    N/A
g - Blink                 Tloc           N/A          2%          2    N/A
h - Conjure Flame         Conj/Fire      ####....     3%          3    N/A
i - Borgnjor's Vile Clut  Necr/Erth      ######....   3%          5    N/A
j - Corpse Rot            Necr/Air       N/A          1%          2    N/A
k - Confusing Touch       Hex            ######       1%          1    N/A

Your spell library contained the following spells:

 Spells                   Type           Power        Failure   Level  Hunger
 Animate Skeleton         Necr           N/A          1%          1    N/A
 Corona                   Hex            ######.      1%          1    N/A
 Foxfire                  Conj/Fire      ####         1%          1    N/A
 Magic Dart               Conj           ####         1%          1    N/A
 Pain                     Necr           ####         1%          1    N/A
 Sandblast                Erth           #####.       1%          1    N/A
 Slow                     Hex            ######..     1%          2    N/A
 Sublimation of Blood     Necr           ######....   1%          2    N/A
 Portal Projectile        Hex/Tloc       #####.       1%          3    N/A
 Regeneration             Chrm/Necr      #####.....   1%          3    N/A
 Spectral Weapon          Hex/Chrm       #####...     1%          3    N/A
 Stone Arrow              Conj/Erth      ####..       1%          3    N/A
 Vampiric Draining        Necr           ######....   1%          3    N/A
 Leda's Liquefaction      Hex/Erth       ######....   1%          4    N/A
 Passwall                 Tmut/Erth      ####....     2%          2    N/A
 Shock                    Conj/Air       ###.         3%          1    N/A
 Shroud of Golubria       Chrm/Tloc      ###...       4%          2    N/A
 Gell's Gravitas          Tloc           ###.......   4%          3    N/A
 Infusion                 Chrm           ##..         7%          1    N/A
 Static Discharge         Conj/Air       ###.....     9%          3    N/A
 Call Imp                 Summ           ##......     10%         2    N/A
 Song of Slaying          Chrm           ##......     10%         2    N/A
 Swiftness                Chrm/Air       ##......     10%         2    N/A
 Mephitic Cloud           Conj/Pois/Air  ###.....     12%         3    N/A
 Sticky Flame             Conj/Fire      ####....     13%         4    N/A
 Petrify                  Tmut/Erth      ####....     14%         4    N/A
 Airstrike                Air            ##........   54%         4    N/A
 Agony                    Necr           ######..     1%          5    N/A
 Dispel Undead            Necr           ######..     1%          5    N/A
 Lee's Rapid Deconstruct  Erth           #####.....   9%          5    N/A
 Excruciating Wounds      Chrm/Necr      #####.....   14%         5    N/A
 Metabolic Englaciation   Hex/Ice        #####.....   16%         5    N/A
 Yara's Violent Unravell  Hex/Tmut       #####.....   16%         5    N/A
 Fireball                 Conj/Fire      ####......   34%         5    N/A
 Simulacrum               Ice/Necr       #####.....   61%         6    N/A
 Lightning Bolt           Conj/Air       ###.......   63%         5    N/A

Dungeon Overview and Level Annotations

Branches:
Dungeon (15/15)              Lair (6/6) D:8          Shoals (0/4) Lair:2
  Snake (3/4) Lair:2        Slime (0/5) Lair:5          Orc (2/2) D:10
    Elf (0/3) Orc:2        Vaults (0/5) D:14         Depths (0/5) D:15
 Bailey (visited)           IceCv (visited)
 Temple: D:4-7

Altars:
Ashenzari
Cheibriados
Fedhas
Kikubaaqudgha
Okawaru
Qazlal
Beogh

Shops:
D:4 *   D:9 :(   D:12 }   D:14 (   Orc:1 [   Orc:2 =!*:   Snake:3 }}=

Annotations:
Lair:5 exclusion: 2 downstairs
Lair:6 exclusion: 6 oklob plants
Snake:3 Aizul, Mara, Vashnia


Innate Abilities, Weirdness & Mutations

You do not eat.
Your natural rate of healing is unusually fast.
You have razor-sharp teeth.
You have supernaturally acute eyesight. (SInv)
You can survive without breathing.


Message History

The naga sharpshooter shoots a bolt.
The bolt closely misses you.
Vashnia unwields a +5 trident of freezing.
Vashnia wields a +0 arbalest.
Vashnia shoots a bolt.
The bolt hits you!!
* * * LOW HITPOINT WARNING * * *
Aizul is engulfed in blazing flames.
Aizul casts a spell at you.
You easily resist.
The naga sharpshooter shoots an arrow.
The arrow closely misses you.
You see here a bolt.
Casting: Confuse (safe; 1% risk of failure)
Confirm with . or Enter, or press ? or * to list all spells.
Aizul is engulfed in blazing flames.
The naga sharpshooter is engulfed in blazing flames.
The naga sharpshooter mumbles some strange words.
The naga sharpshooter magically shoots a bolt.
The bolt hits you!
* * * LOW HITPOINT WARNING * * *
The naga sharpshooter shoots an arrow.
The arrow hits you!!
You die...
Kikubaaqudgha rasps: "You have failed me!
Welcome... death!"

########################## ######
...>.....##......................
.........##......................
.........##..N.N.................
.....R...##...N§.................
.........##...N§§................
......R@.##§§S..@(.............N.
.....R..# #####...............N..
........#77777##..(..............
###.....#7...77###############...
###.....#7..\.77###############..
........#7..†..7#............##..
.........\.⌠.\.7#............##..
........#7.....7#.....)......##..
........#7..\.77#............##..


You could see Vashnia, Aizul and 3 naga sharpshooters.

Vanquished Creatures
  Agnes (D:14)
  Kirke (Lair:4)
  2 nagarajas
  Louise (Snake:3)
  A frost giant (IceCv)
  The ghost of Necheigh the Severer, a journeyman MiBe of Trog (D:13)
  Azrael (D:13)
  2 ogre magi (D:15)
  A yaktaur captain (D:15)
  A vault guard (D:14)
  Fannar (Lair:3)
  2 naga warriors
  6 hydras
  10 anacondas
  A centaur warrior (D:14)
  9 two-headed ogres
  3 shock serpents
  7 death yaks
  3 orc high priests (Orc:2)
  5 naga sharpshooters
  A deep elf knight (D:15)
  2 salamander mystics
  3 naga ritualists
  5 skeletal warriors (D:12)
  2 unseen horrors
  7 orc sorcerers
  8 orc knights
  4 mana vipers
  2 cyclopes
  3 ugly things
  An oklob plant (D:12)
  2 manticores
  A deep elf mage (D:12)
  6 elephants
  15 salamanders
  A guardian serpent (Snake:1)
  A black mamba (shapeshifter) (D:14)
  37 black mambas
  Joseph (D:9)
  2 gargoyles
  7 naga magi
  A torpor snail (Lair:5)
  An ice statue (IceCv)
  Maurice (D:9)
  34 spiny frogs
  An efreet (D:14)
  A rime drake (Lair:5)
  A freezing wraith (D:13)
  6 komodo dragons
  A yaktaur (D:15)
  A redback zombie (D:15)
  A harpy zombie (D:15)
  Grinder (D:3)
  5 tyrant leeches
  11 trolls
  12 polar bears
  21 blink frogs
  8 hippogriffs
  4 slime creatures (D:13)
  2 dream sheep (Lair:5)
  Sigmund (D:3)
  A tarantella (shapeshifter) (D:14)
  7 wraiths
  8 wyverns
  2 basilisks
  4 shadows
  37 yaks
  Eustachio (D:5)
  A fire elemental (D:13)
  3 hogs (Lair:4)
  9 humans (D:14)
  A hungry ghost (D:10)
  24 vampire mosquitoes
  2 acid dragons (D:11)
  2 wargs (Orc:2)
  26 nagas
  A soldier ant (D:10)
  A water moccasin (shapeshifter) (D:15)
  11 water moccasins
  5 porcupines
  2 hell hounds (D:13)
  17 orc warriors
  12 ice beasts
  2 phantoms
  A sky beast (D:8)
  4 black bears
  A hornet zombie (D:12)
  5 eyes of draining
  21 wolves
  A necrophage (D:8)
  6 ogres
  11 centaurs
  15 crocodiles
  3 big kobolds
  32 bullfrogs
  A wyvern skeleton (D:10)
  5 scorpions
  6 killer bees
  5 wights (D:15)
  3 howler monkeys
  2 bullfrog zombies (D:5)
  6 crimson imps
  5 centaur zombies
  A quasit (D:14)
  12 orc priests
  8 hounds
  Crazy Yiuf (D:2)
  4 jellies
  17 orc wizards
  3 bullfrog skeletons
  3 centaur skeletons
  5 iguanas
  Jessica (D:2)
  Natasha (twice) (D:3)
  12 worker ants
  A hound skeleton (D:7)
  A worker ant zombie (D:10)
  6 gnolls
  12 adders
  5 shadow imps
  4 oozes (Lair:5)
  3 worms
  2 dart slugs
  4 leopard geckos
  83 orcs
  2 ball pythons
  7 bats
  8 giant cockroaches
  13 goblins
  2 hobgoblins
  11 jackals
  22 kobolds
  6 quokkas
  3 frilled lizards
  A jackal skeleton (D:8)
  A leopard gecko zombie (D:4)
  4 rats
866 creatures vanquished.

Vanquished Creatures (collateral kills)
  A two-headed ogre (Orc:2)
  A naga mage (Snake:2)
  A spiny frog (Lair:4)
  A human (D:14)
  5 nagas
  A warg (Orc:2)
  7 orc warriors (Orc:2)
  An orc priest (Orc:2)
  An orc wizard (Orc:2)
  A gnoll (D:8)
  An orc (Orc:2)
21 creatures vanquished.

Vanquished Creatures (others)
  2 polar bears (IceCv)
  A meliai zombie (D:13)
  5 dancing weapons
  A human (D:14)
  A hell hound (D:13)
  An orc warrior (D:15)
  A crocodile (Lair:5)
  2 bushes (Lair:6)
  27 fungi
  46 plants
87 creatures vanquished.

Grand Total: 974 creatures vanquished

Notes
Turn   | Place    | Note
-------+----------+-------------------------------------------
     0 | D:1      | MrRokkomies the Vampire Enchanter began the quest for the
                  | Orb.
     0 | D:1      | Reached XP level 1. HP: 13/13 MP: 3/3
   294 | D:1      | Reached XP level 2. HP: 19/19 MP: 5/5
   556 | D:1      | Reached skill level 5 in Hexes
   878 | D:2      | Learned a level 2 spell: Ensorcelled Hibernation
   979 | D:2      | Noticed Jessica
   981 | D:2      | Reached XP level 3. HP: 24/24 MP: 6/6
   986 | D:2      | Killed Jessica
   986 | D:2      | Reached skill level 5 in Stealth
  1060 | D:2      | Reached XP level 4. HP: 30/30 MP: 7/7
  1151 | D:2      | Found a runed translucent door.
  1152 | D:2      | Noticed Crazy Yiuf
  1163 | D:2      | Killed Crazy Yiuf
  1333 | D:2      | Reached XP level 5. HP: 35/35 MP: 8/8
  1471 | D:2      | Found a snail-covered altar of Cheibriados.
  1607 | D:3      | Noticed Grinder
  1607 | D:3      | Noticed Natasha
  1616 | D:3      | Learned a level 3 spell: Confuse
  1646 | D:3      | Noticed Sigmund
  1662 | D:3      | Killed Grinder
  1662 | D:3      | Reached XP level 6. HP: 16/41 MP: 8/9
  1668 | D:3      | Killed Sigmund
  1668 | D:3      | Reached skill level 5 in Short Blades
  1681 | D:3      | Killed Natasha
  1681 | D:3      | Reached XP level 7. HP: 24/46 MP: 4/10
  2116 | D:3      | Found an iron altar of Okawaru.
  2176 | D:3      | Noticed Natasha
  2185 | D:3      | Killed Natasha
  2510 | D:4      | Learned a level 3 spell: Tukima's Dance
  2739 | D:4      | Found an ancient bone altar of Kikubaaqudgha.
  2745 | D:4      | Became a worshipper of Kikubaaqudgha
  2843 | D:4      | Reached XP level 8. HP: 21/52 MP: 11/11
  3005 | D:4      | Found Ymucsar's General Store.
  3013 | D:4      | Bought a scroll of identify for 28 gold pieces
  3013 | D:4      | Bought a scroll of identify for 28 gold pieces
  3315 | D:5      | Entered Level 5 of the Dungeon
  3690 | D:5      | Reached skill level 10 in Hexes
  3701 | D:5      | Noticed Eustachio
  3717 | D:5      | Killed Eustachio
  3891 | D:5      | You fall into a shaft and drop 2 floors!
  3985 | D:7      | Reached * piety under Kikubaaqudgha
  3985 | D:7      | Identified Kikubaaqudgha's Compendium of Evil Arts
                  | (Kikubaaqudgha gifted it to you on level 7 of the Dungeon)
  3985 | D:7      | Received a gift from Kikubaaqudgha
  4223 | D:7      | Learned a level 3 spell: Dazzling Flash
  4313 | D:7      | Found a shattered altar of Ashenzari.
  4571 | D:7      | Reached XP level 9. HP: 57/57 MP: 12/12
  4716 | D:8      | Found a blossoming altar of Fedhas.
  5056 | D:8      | Reached skill level 10 in Stealth
  5118 | D:8      | Reached ** piety under Kikubaaqudgha
  5323 | D:8      | Found a staircase to the Lair.
  5324 | D:8      | Noticed a komodo dragon
  5377 | D:8      | Killed a komodo dragon
  5377 | D:8      | Reached skill level 1 in Fighting
  5377 | D:8      | Reached skill level 3 in Dodging
  5609 | Lair:1   | Entered Level 1 of the Lair of Beasts
  5624 | Lair:1   | Noticed a black mamba
  5669 | Lair:1   | Killed a black mamba
  5669 | Lair:1   | Reached skill level 4 in Dodging
  5670 | Lair:1   | Noticed a komodo dragon
  5677 | Lair:1   | Noticed a komodo dragon
  5689 | Lair:1   | Killed a komodo dragon
  5689 | Lair:1   | Reached XP level 10. HP: 46/70 MP: 14/14
  6023 | Lair:1   | Reached skill level 10 in Short Blades
  6140 | Lair:1   | Reached skill level 5 in Dodging
  6360 | Lair:1   | Noticed a spiny frog
  6367 | Lair:1   | Killed a spiny frog
  6509 | Lair:1   | Noticed a spiny frog
  6531 | Lair:1   | Killed a spiny frog
  6805 | Lair:2   | Noticed a spiny frog
  6811 | Lair:2   | Noticed a spiny frog
  6812 | Lair:2   | Killed a spiny frog
  6812 | Lair:2   | Reached skill level 6 in Dodging
  6821 | Lair:2   | Killed a spiny frog
  6835 | Lair:2   | Reached skill level 5 in Fighting
  6840 | Lair:2   | Found a staircase to the Snake Pit.
  6892 | Lair:2   | Noticed a six-headed hydra
  6974 | Lair:2   | Reached skill level 7 in Dodging
  6988 | Lair:2   | Noticed a spiny frog
  7013 | Lair:2   | Killed a spiny frog
  7056 | Lair:2   | Found a frozen archway.
  7077 | Lair:2   | Reached *** piety under Kikubaaqudgha
  7077 | Lair:2   | Identified Kikubaaqudgha's Handbook of Black Arts
                  | (Kikubaaqudgha gifted it to you on level 2 of the Lair of
                  | Beasts)
  7077 | Lair:2   | Received a gift from Kikubaaqudgha
  7077 | Lair:2   | Reached XP level 11. HP: 81/81 MP: 4/17
  7207 | Lair:2   | Reached skill level 8 in Dodging
  7224 | IceCv    | Entered an ice cave
  7331 | IceCv    | Upgraded the game from 0.25-a0-258-g6d7e32a812 to
                  | 0.25-a0-263-g9d16a9d099
  7376 | IceCv    | Reached skill level 5 in Spellcasting
  7610 | IceCv    | Learned a level 4 spell: Cause Fear
  7614 | IceCv    | Learned a level 3 spell: Inner Flame
  7989 | IceCv    | Noticed a death yak
  8018 | IceCv    | Killed a death yak
  8018 | IceCv    | Reached skill level 9 in Dodging
  8179 | IceCv    | Reached **** piety under Kikubaaqudgha
  8537 | IceCv    | Noticed a frost giant
  8537 | IceCv    | Noticed a death yak
  8543 | IceCv    | Reached skill level 10 in Dodging
  8565 | IceCv    | Killed a death yak
  8575 | IceCv    | HP: 1/69 [frost giant (31)]
  8745 | IceCv    | Killed a frost giant
  8745 | IceCv    | Reached XP level 12. HP: 49/75 MP: 21/21
  9160 | Lair:2   | Killed a six-headed hydra
  9247 | Lair:2   | Found a staircase to the Shoals.
  9469 | Lair:2   | Reached skill level 11 in Dodging
  9742 | Lair:3   | Learned a level 2 spell: Blink
  9746 | Lair:3   | Learned a level 3 spell: Conjure Flame
 10132 | Lair:3   | Reached ***** piety under Kikubaaqudgha
 10132 | Lair:3   | Reached skill level 1 in Translocations
 10132 | Lair:3   | Reached skill level 1 in Fire Magic
 10412 | Lair:3   | Noticed Fannar
 10419 | Lair:3   | Killed Fannar
 11008 | Lair:4   | Noticed a seven-headed hydra
 11027 | Lair:4   | Killed a seven-headed hydra
 11027 | Lair:4   | Reached skill level 10 in Fighting
 11108 | Lair:3   | Reached skill level 12 in Dodging
 11243 | Lair:4   | Noticed Kirke
 11518 | Lair:4   | Killed Kirke
 11518 | Lair:4   | Reached skill level 1 in Conjurations
 11518 | Lair:4   | Reached XP level 13. HP: 22/103 MP: 23/23
 12210 | Lair:5   | Got a distressingly furry helmet
 12221 | Lair:5   | Identified the +1 helmet "Tinossae" {Dex+4} (You found it
                  | on level 5 of the Lair of Beasts)
 12434 | Lair:5   | Found a staircase to the Slime Pits.
 13104 | Lair:6   | Entered Level 6 of the Lair of Beasts
 13496 | Lair:6   | Reached skill level 13 in Dodging
 14324 | Lair:6   | Reached XP level 14. HP: 59/110 MP: 26/26
 14352 | Lair:6   | Reached skill level 14 in Dodging
 14491 | Lair:6   | Reached ****** piety under Kikubaaqudgha
 14620 | Lair:6   | Learned a level 5 spell: Borgnjor's Vile Clutch
 14822 | Lair:6   | Reached skill level 1 in Necromancy
 14826 | Lair:6   | Reached skill level 1 in Earth Magic
 15208 | D:9      | Identified a +2 pair of boots of running (You found it on
                  | level 9 of the Dungeon)
 15543 | D:9      | Noticed Maurice
 15552 | D:9      | Killed Maurice
 15659 | D:9      | Found Etox's Weapon Shoppe.
 15834 | D:9      | Noticed Joseph
 15841 | D:9      | Killed Joseph
 15958 | D:9      | Found Feseiv's Book Shop.
 15961 | D:9      | Bought a book of Death for 910 gold pieces
 16058 | D:9      | Learned a level 2 spell: Corpse Rot
 16082 | D:10     | Entered Level 10 of the Dungeon
 16367 | D:10     | Found a staircase to the Orcish Mines.
 16767 | Orc:1    | Entered Level 1 of the Orcish Mines
 16767 | Orc:1    | Found a roughly hewn altar of Beogh.
 16934 | Orc:2    | Entered Level 2 of the Orcish Mines
 17165 | Orc:1    | Found Utotigul's Antique Armour Shoppe.
 17810 | Orc:2    | Found a staircase to the Elven Halls.
 17839 | Orc:2    | Found an iron altar of Okawaru.
 17902 | Orc:2    | Reached skill level 5 in Necromancy
 18262 | Orc:2    | Reached skill level 5 in Earth Magic
 18518 | Orc:2    | Found Kaat's Jewellery Shoppe.
 18518 | Orc:2    | Found Zienil's Book Boutique.
 18520 | Orc:2    | Found Raremiugg's Assorted Antiques.
 18520 | Orc:2    | Found Tonaupeu's Distillery.
 18529 | Orc:2    | Bought a scroll labeled HOLIMOURUNN for 21 gold pieces
 18532 | Orc:2    | Identified a +4 quick blade of pain (a +2 quick blade
                  | bloodied by Kikubaaqudgha)
 18532 | Orc:2    | Received a gift from Kikubaaqudgha
 18595 | Orc:2    | Bought a potion of heal wounds for 55 gold pieces
 19460 | D:12     | Found a stormy altar of Qazlal.
 19708 | D:12     | Learned a level 1 spell: Confusing Touch
 20078 | D:12     | Reached XP level 15. HP: 81/115 MP: 20/28
 20140 | D:12     | Found Fuaxujaa's Gadget Shoppe.
 20544 | D:13     | Found a flagged portal.
 20560 | Bailey   | Entered a bailey
 20944 | Bailey   | Reached XP level 16. HP: 116/125 MP: 29/29
 21292 | D:13     | Found a runed translucent gate.
 21296 | D:13     | Found a runed translucent gate.
 21297 | D:13     | Found a runed translucent gate.
 21297 | D:13     | Noticed Necheigh's ghost (journeyman MiBe)
 21321 | D:13     | Reached skill level 1 in Evocations
 21343 | D:13     | Killed Necheigh's ghost
 21584 | D:13     | Reached skill level 15 in Dodging
 21691 | D:13     | Noticed Azrael
 21985 | D:13     | Killed Azrael
 22272 | D:14     | Noticed Agnes
 22298 | D:14     | Killed Agnes
 22601 | D:14     | Found a gate to the Vaults.
 22724 | D:14     | Found Bitaulue's Weapon Shop.
 22777 | D:15     | Entered Level 15 of the Dungeon
 23267 | D:15     | Reached skill level 10 in Necromancy
 23298 | D:15     | Found a staircase to the Depths.
 23769 | D:15     | Upgraded the game from 0.25-a0-263-g9d16a9d099 to
                  | 0.25-a0-265-g7af84ae0ac
 23984 | Snake:1  | Entered Level 1 of the Snake Pit
 24277 | Snake:1  | HP: 3/129 [shock serpent/bolt of electricity (16)]
 24294 | Snake:1  | HP: 1/129 [shock serpent/bolt of electricity (16)]
 25309 | Snake:1  | Reached XP level 17. HP: 135/135 MP: 30/30
 26273 | Snake:2  | Reached skill level 5 in Evocations
 26840 | Snake:3  | Noticed Louise
 26870 | Snake:3  | Killed Louise
 27642 | Snake:3  | Found Tyqias's Jewellery Emporium.
 27642 | Snake:3  | Found Nuedeuwn's Gadget Shop.
 27642 | Snake:3  | Noticed Mara
 27646 | Snake:3  | Found Idifafif's Gadget Shop.
 27699 | Snake:3  | Noticed MrRokkomies's illusion
 27714 | Snake:3  | Noticed Aizul
 27714 | Snake:3  | Noticed Vashnia
 27719 | Snake:3  | Shot with an arrow by a naga sharpshooter

Levels and vault maps discovered:
D:1:      sevenhm_arrival_forest_fort_small_6, layout_basic,
          chequers_serial_rivers_micro_e, chequers_garden
D:2:      layout_loops_cross, kennysheep_slug_shrine, uniq_jessica,
          uniq_crazy_yiuf_cottage
D:3:      layout_basic, lemuel_coloured_pillars_altar, uniq_sigmund,
          uniq_grinder, uniq_natasha
D:4:      layout_basic, kiku_gazebo_pond_becter, serial_shops,
          nicolae_shop_competitors_out_of_business, first_ration,
          corexii_checkpoint_a, hangedman_decor_points, minmay_between
D:5:      minmay_evil_eye, layout_cave_pools, minmay_misc_feat_chi,
          serial_bayou_pond_e, kennysheep_windowed_goal, uniq_eustachio
D:7:      layout_basic, nicolae_ashenzari_panopticon
D:8:      layout_basic, david_lair_shrubbed, basic_altar
D:9:      cheibrodos_wizards_tower, layout_irregular_city, serial_shops,
          kennysheep_mini_moat, shop, uniq_joseph, uniq_maurice
D:10:     layout_loops_ring, orc_0_dummy
D:11:     layout_rooms
D:12:     layout_long_grid, serial_shops, shop, lemuel_oklob_altar
D:13:     layout_long_grid, enter_bailey_3, gammafunk_ghost_spectres,
          uniq_azrael
D:14:     layout_roguey, ximxim_vaults_locker_room, serial_shops,
          kennysheep_mini, chequers_mini_garden, uniq_agnes
D:15:     hangedman_depths_entry_civil_slaughter, layout_basic, minivault_14
Lair:1:   layout_layer_cave, infiniplex_staircase_pool, grunt_megastairs_4,
          serial_bayou_shore_a
Lair:2:   layout_misc_corridors, minmay_shoals_entry_centaurs,
          minmay_snake_entry_guardpost_medium, portal_ice_cave_entry_ice_beasts,
          st_stairs_9
Lair:3:   beast_lair_carwin_large_2, layout_regular_city, grunt_megastairs_5,
          uniq_fannar
Lair:4:   layout_loops_ring, uniq_kirke
Lair:5:   layout_gridlike, nicolae_slime_entry_slimehenge, lemuel_another_geyser
Lair:6:   minmay_lair_end_frog_pond, layout_misc_corridors, dpeg_oklob_1
Snake:1:  layout_basic, grunt_megastairs_2
Snake:2:  layout_misc_corridors
Snake:3:  layout_grid_maze, grunt_ministairs_7, minmay_shop_mass,
          minmay_shop_grove, uniq_aizul, uniq_mara, uniq_vashnia, uniq_louise
Orc:1:    layout_caves, serial_shops, shop, basic_altar
Orc:2:    grunt_orc_tribal_feast, layout_caves, okawaru_metal_pillars_1_2

Skill      XL: |  1  2  3  4  5  6  7  8  9 10 11 12 13 14 15 16 17 |
---------------+----------------------------------------------------+-----
Short Blades   | 2 3 4 5 6 8 9 10 | 10.0
Hexes          | 5 6 7 8 9 11 12 | 12.0
Stealth        | 5 6 7 9 10 | 10.0
Fighting       | 3 5 8 10 11 12 13 | 13.5
Dodging        | 4 7 10 12 13 14 15 | 15.0
Spellcasting   | 3 4 6 8 9 |  9.9
Translocations | 2 3 |  3.4
Fire Magic     | 2 4 |  4.0
Conjurations   | 1 3 4 |  4.0
Necromancy     | 7 11 12 | 12.5
Earth Magic    | 6 7 |  7.2
Evocations     | 4 5 |  5.7

Action                   |  1- 3 |  4- 6 |  7- 9 | 10-12 | 13-15 | 16-18 || total
-------------------------+-------+-------+-------+-------+-------+-------++-------
Melee: Dagger            |    71 |    64 |   430 |   627 |  1059 |       ||  2251
       Bite              |     2 |     4 |    36 |    72 |   252 |   174 ||   540
       Quick blade       |       |       |       |       |   498 |  1263 ||  1761
       Short sword       |       |       |       |       |    56 |       ||    56
Throw: Dart              |     1 |       |     1 |    47 |    46 |     4 ||    99
 Cast: Ensorcelled Hiber |     1 |     1 |    15 |   130 |    97 |     9 ||   253
       Confuse           |       |     7 |    19 |    36 |    53 |    15 ||   130
       Tukima's Dance    |       |       |     1 |     7 |    29 |    44 ||    81
       Dazzling Flash    |       |       |       |    13 |    23 |     8 ||    44
       Inner Flame       |       |       |       |     3 |     9 |     1 ||    13
       Cause Fear        |       |       |       |     2 |       |       ||     2
       Conjure Flame     |       |       |       |     1 |       |       ||     1
       Blink             |       |       |       |       |     4 |     2 ||     6
       Confusing Touch   |       |       |       |       |     6 |    26 ||    32
       Corpse Rot        |       |       |       |       |       |     3 ||     3
       Borgnjor's Vile C |       |       |       |       |       |     2 ||     2
Invok: Brand Weapon With |       |       |       |       |     1 |       ||     1
 Abil: Exsanguinate      |       |       |       |     1 |       |       ||     1
       Revivify          |       |       |       |     1 |       |       ||     1
Evoke: Wand              |       |       |       |    20 |       |     1 ||    21
       Lamp of fire      |       |       |       |     2 |     1 |     2 ||     5
       Phantom mirror    |       |       |       |       |       |     1 ||     1
  Use: Scroll            |     5 |       |    13 |     8 |    20 |     8 ||    54
       Potion            |       |     1 |       |     5 |     6 |     1 ||    13
 Stab: Sleeping          |    10 |     6 |    46 |    79 |    81 |    37 ||   259
       Confused          |       |     3 |    14 |    21 |    37 |    36 ||   111
       Invisible         |       |       |       |    12 |    28 |     7 ||    47
       Distracted        |       |       |       |     2 |     5 |       ||     7
Armor: Robe              |    26 |     5 |    69 |       |    45 |    82 ||   227
       Leather armour    |       |       |       |    85 |   136 |       ||   221
Dodge: Dodged            |    38 |    26 |   162 |   446 |  1295 |   647 ||  2614

Table legend:
 A = Non-vault XP
 B = Vault XP
 C = Vault XP percentage of total XP
 D = Non-vault monster count
 E = Vault monster count
 F = Vault count percentage of total count
                 A         B        C        D         E       F
            +---------+---------+-------+---------+---------+-------
      Total |  144197 |   59974 |  29.4 |     644 |     245 |  27.6
            +---------+---------+-------+---------+---------+-------
        D:1 |      28 |       0 |   0.0 |      14 |       0 |   0.0
        D:2 |     101 |      82 |  44.8 |      21 |       3 |  12.5
        D:3 |      89 |     552 |  86.1 |      21 |       3 |  12.5
        D:4 |     306 |     327 |  51.7 |      15 |       7 |  31.8
        D:5 |     456 |     196 |  30.1 |      19 |       1 |   5.0
        D:7 |     661 |       0 |   0.0 |      21 |       0 |   0.0
        D:8 |    1382 |     367 |  21.0 |      25 |       1 |   3.8
        D:9 |    1901 |    1447 |  43.2 |      23 |       3 |  11.5
       D:10 |    1989 |       0 |   0.0 |      25 |       0 |   0.0
       D:11 |    5781 |       0 |   0.0 |      38 |       0 |   0.0
       D:12 |   10845 |     535 |   4.7 |      48 |       1 |   2.0
       D:13 |    7723 |    3996 |  34.1 |      38 |      15 |  28.3
       D:14 |    5144 |    5060 |  49.6 |      23 |      12 |  34.3
       D:15 |   12816 |    4232 |  24.8 |      40 |       6 |  13.0
     Lair:1 |    3035 |     343 |  10.2 |      13 |       2 |  13.3
     Lair:2 |    5287 |    2398 |  31.2 |      28 |      19 |  40.4
     Lair:3 |    5732 |    2367 |  29.2 |      21 |       8 |  27.6
     Lair:4 |    4606 |    2670 |  36.7 |      12 |       4 |  25.0
     Lair:5 |    4308 |    4679 |  52.1 |      12 |      24 |  66.7
     Lair:6 |   11138 |    8068 |  42.0 |      31 |      31 |  50.0
    Snake:1 |   17106 |     616 |   3.5 |      36 |       2 |   5.3
    Snake:2 |   16717 |       0 |   0.0 |      30 |       0 |   0.0
    Snake:3 |   21479 |    2139 |   9.1 |      41 |       3 |   6.8
      Orc:1 |     589 |       0 |   0.0 |      14 |       0 |   0.0
      Orc:2 |    4978 |    7267 |  59.3 |      35 |      30 |  46.2
     Bailey |       0 |    1251 | 100.0 |       0 |      26 | 100.0
      IceCv |       0 |   11382 | 100.0 |       0 |      44 | 100.0
            +---------+---------+-------+---------+---------+-------
